 Dungeon Crawl Stone Soup version 0.18.1-48-g4cf74bf (webtiles) character file.

476 MistressOfTheDunes the Insei (level 6, 0/47 HPs)
             Began as a Mummy Monk on July 16, 2016.
             Slain by an ice beast (3 damage)
             ... on level 5 of the Dungeon.
             The game lasted 00:10:36 (8059 turns).

MistressOfTheDunes the Insei (Mummy Monk)           Turns: 8059, Time: 00:10:38

Health: 0/47       AC:  4    Str: 14    XL:     6   Next: 85%
Magic:  6/6        EV: 13    Int:  9    God:
Gold:   68         SH:  5    Dex: 17    Spells: 0 memorised, 5 levels left

rFire  x . .     SeeInvis +       - Unarmed
rCold  + . .     Gourm    .     (no armour)
rNeg   + + +     Faith    .     f - +0 buckler {Threadbane}
rPois  ∞         Spirit   .     a - +0 helmet
rElec  .         Dismiss  .     n - +2 cloak
rCorr  .         Reflect  .     (no gloves)
SustAt .         Harm     .     (no boots)
MR     .....                    (no amulet)
Stlth  +++.......               k - ring of see invisible
                                h - ring of stealth

@: not resistant to hostile enchantments, fairly stealthy
A: no food or potions, fire vulnerability, cold resistance 1, negative energy
resistance 3, torment resistance, unbreathing
a: no special abilities


You were on level 5 of the Dungeon.
You were not hungry.

You visited 1 branch of the dungeon, and saw 5 of its levels.

You collected 266 gold pieces.
You spent 198 gold pieces at shops.


Innate Abilities, Weirdness & Mutations

You do not eat or drink.
Your flesh is vulnerable to fire.
You are immune to poison.
Your flesh is cold resistant.
You are immune to negative energy.
You are immune to unholy pain and torment.
You can survive without breathing.


   Skills:
 - Level 3.0 Fighting
 + Level 2.7 Dodging
 - Level 1.5 Stealth
 - Level 4.2 Shields
 - Level 5.0 Unarmed Combat


You had 5 spell levels left.
You didn't know any spells.

Inventory:

Armour
 a - a +0 helmet (worn)
 f - a +0 buckler (worn) {Threadbane}
 n - a +2 cloak (worn)
Jewellery
 e - an uncursed ring of stealth
 h - a ring of stealth (left hand)
 k - a ring of see invisible (right hand)
Scrolls
 b - 2 scrolls of random uselessness {unknown}
 c - 4 scrolls of identify {unknown}
 d - 2 scrolls of teleportation {unknown}
 g - a scroll of enchant weapon {unknown}
 i - a scroll of blinking {unknown}
 j - a scroll of fog {unknown}
 l - a scroll of immolation {unknown}
 m - 2 scrolls of recharging {unknown}
 o - a scroll of remove curse {unknown}

Dungeon Overview and Level Annotations

Branches:
Dungeon (5/15)
 Temple: D:4-7

Altars:
Sif Muna
Xom

Shops:
D:4 [

Annotations:
D:5 Gracious xom

▒.....▒▒▒▒▒▒▒...▒▒........▒
▒▒▒▒▒..............▒▒▒▒▒▒▒▒
▒▒▒▒▒▒▒▒▒▒.▒▒▒▒▒ ▒.▒ ▒.▒
▒.▒ ▒.▒ ▒▒▒▒▒▒▒▒▒▒▒.▒▒▒▒▒▒▒
▒.........YM......▒
▒.▒▒▒▒▒.▒.▒.▒▒▒▒▒.▒▒▒▒
▒.▒.▒.......<........▒▒▒▒▒
▒..▒..▒.▒.▒.▒▒▒▒▒........▒
▒.▒▒▒.▒.▒.........▒▒.▒▒▒[▒
▒..▒./........▒▒▒.▒▒.▒ ▒.▒
▒.......▒▒...▒▒ ▒.▒▒.▒▒▒.▒
▒▒..▒▒▒▒▒▒▒.▒▒ ▒.▒▒.....▒
▒▒.▒..▒ ▒.▒ ▒........▒


You could see an ice beast.


Message History

You are too injured to fight recklessly!!!
You are too injured to fight recklessly!!!
You are too injured to fight recklessly!!!
You are too injured to fight recklessly!!!
You are too injured to fight recklessly!!!
You are too injured to fight recklessly!!!
You are too injured to fight recklessly!!!
You are too injured to fight recklessly!!!
You are too injured to fight recklessly!!!
You are too injured to fight recklessly!!!
You are too injured to fight recklessly!!!
You are too injured to fight recklessly!!!
You pulverise the ice beast but do no damage!
The ice beast is heavily wounded!
The ice beast hits you! * * * don't die
* * * The ice beast freezes you!
You resist! * * * don't die
* * * You squash the ice beast like an ant!
The ice beast is heavily wounded!
The ice beast hits you! * * * don't die
* * * The ice beast freezes you!
You resist! * * * don't die
* * * You barely miss the ice beast!
The ice beast is heavily wounded!
The ice beast hits you! * * * don't die
* * * The ice beast freezes you!
You resist! rip

Action                   |  1- 3 |  4- 6 || total
-------------------------+-------+-------++-------
Melee: Unarmed           |   123 |   484 ||   607
       Punch             |     2 |     2 ||     4
 Stab: Sleeping          |     7 |    14 ||    21
       Distracted        |       |     1 ||     1
Armor: Skin              |     4 |    47 ||    51
Dodge: Dodged            |    53 |   203 ||   256
Block: Buckler           |       |    66 ||    66

Vault maps used:
D:1:      co_arrival_square_in_a_square_in_a_square
D:2:      lemuel_blue_sif_altar
D:4:      first_bread, serial_shops, nicolae_shop_temple_entry_statues_fountains
D:5:      xom_confusion_cloud, johnstein_pakellas_shop

Notes
Turn   | Place    | Note
--------------------------------------------------------------
     0 | D:1      | MistressOfTheDunes the Mummy Monk began the quest for the Orb.
     0 | D:1      | Reached XP level 1. HP: 18/18 MP: 1/1
   100 | D:1      | Reached XP level 2. HP: 19/24 MP: 2/2
   653 | D:1      | Reached skill level 4 in Unarmed Combat
  1049 | D:2      | Reached XP level 3. HP: 28/29 MP: 3/3
  1941 | D:2      | Reached XP level 4. HP: 35/35 MP: 4/4
  1987 | D:2      | Found a deep blue altar of Sif Muna.
  2463 | D:3      | Reached skill level 5 in Unarmed Combat
  2932 | D:3      | HP: 1/35 [gnoll/flail (5)]
  3162 | D:2      | Reached skill level 1 in Shields
  3254 | D:3      | Reached XP level 5. HP: 27/41 MP: 5/5
  4855 | D:4      | Reached skill level 2 in Shields
  5254 | D:4      | Found Ighime Linn's Armour Emporium.
  5263 | D:4      | Bought a +2 cloak for 198 gold pieces
  5794 | D:5      | Entered Level 5 of the Dungeon
  6217 | D:5      | Noticed a phantom
  6416 | D:4      | Reached skill level 3 in Shields
  6416 | D:4      | Reached XP level 6. HP: 33/47 MP: 6/6
  7159 | D:5      | Found a shimmering altar of Xom.
  7438 | D:5      | Reached skill level 4 in Shields
  7699 | D:5      | Noticed an ice beast
  8059 | D:5      | HP: 3/47 [ice beast (2)]
  8059 | D:5      | Slain by an ice beast

Vanquished Creatures
  A phantom (D:5)
  2 crimson imps
  4 worker ants
  A howler monkey skeleton (D:5)
  4 gnolls (D:3)
  5 adders
  A shadow imp (D:4)
  2 oozes (D:1)
  5 worms
  2 dart slugs
  3 giant geckos
  5 orcs
  A ball python (D:4)
  3 bats
  3 giant cockroaches
  9 goblins
  5 hobgoblins
  13 jackals
  4 quokkas
  A giant gecko skeleton (D:4)
  5 giant newts
  5 kobolds
  A quokka skeleton (D:4)
  11 rats
96 creatures vanquished.

Vanquished Creatures (others)
  An orc wizard (D:5)
  A worm (D:5)
  A giant gecko (D:5)
  4 orcs (D:5)
  A giant cockroach (D:5)
8 creatures vanquished.

Grand Total: 104 creatures vanquished
